 Seeded DCSS version 0.30.1-4-g462c640d31 (webtiles) character file.

Game seed: 6351066067085065685 (custom seed)

2380 Esekla the Thaumaturge (level 9, -2/45 HPs)
             Began as a Deep Elf Necromancer on Aug 14, 2023.
             Was a Believer of Vehumet.
             Slain by Joseph
             ... wielding a +0 quarterstaff
              (15 damage)
             ... on level 7 of the Dungeon.
             The game lasted 00:29:09 (5034 turns).

Esekla the Thaumaturge (Deep Elf Necromancer)       Turns: 5034, Time: 00:29:10

Health: -2/45      AC:  4    Str:  5    XL:     9   Next: 22%
Magic:  6/23       EV: 15    Int: 25    God:    Vehumet [**....]
Gold:   375        SH:  0    Dex: 18    Spells: 15/25 levels left

rFire   . . .        s - +5 rapier of the Hero {heavy, rN+ Dex+3}
rCold   . . .        (no shield)
rNeg    + . .        o - +0 robe
rPois   .            k - +0 helmet
rElec   .            (no cloak)
rCorr   .            m - +0 pair of gloves
SInv    .            (no boots)
Will    .....        z - amulet of magic regeneration
Stlth   +++          (no ring)
HPRegen 0.27/turn    (no ring)
MPRegen 0.58/turn

%: no passive effects
@: no status effects
A: no striking features
a: Renounce Religion


You were on level 7 of the Dungeon.
You worshipped Vehumet.
Vehumet was pleased with you.
You visited 2 branches of the dungeon, and saw 8 of its levels.

You collected 375 gold pieces.

Inventory:

Hand Weapons
 a - a +4 scimitar
 r - a +4 trident of venom
 s - the +5 rapier of the Hero (weapon) {heavy, rN+ Dex+3}
   (You found it on level 3 of the Dungeon)

   Dex:       It affects your dexterity (+3).
   rN:        It protects you from negative energy.
Missiles
 c - 22 poisoned darts (quivered)
 G - 5 curare-tipped darts
Armour
 k - a +0 helmet (worn)
 m - a +0 pair of gloves (worn)
 o - a +0 robe (worn)
 F - a +0 buckler
Jewellery
 z - an amulet of magic regeneration (around neck)
Wands
 C - a wand of flame (14)
 D - a wand of roots (16)
Scrolls
 e - 3 scrolls of fear {unknown}
 h - 2 scrolls of identify
 n - a scroll of immolation {unknown}
 p - 2 scrolls of blinking
 q - 2 scrolls of fog
 u - 2 scrolls of amnesia
 v - 3 scrolls of enchant weapon {unknown}
 w - 3 scrolls of noise {unknown}
 x - a scroll of silence {unknown}
 y - a scroll of enchant armour {unknown}
 B - a scroll of magic mapping {unknown}
 E - a scroll of teleportation {unknown}
Potions
 b - a potion of magic
 d - 3 potions of ambrosia {unknown}
 f - 5 potions of attraction {unknown}
 g - 2 potions of heal wounds
 i - 2 potions of haste {unknown}
 j - a potion of mutation {unknown}
 l - 4 potions of curing
 t - 3 potions of brilliance {unknown}
 A - a potion of lignification


   Skills:
 + Level 3.8 Short Blades
 + Level 1.5 Throwing
 * Level 6.1 Dodging
 + Level 4.6 Stealth
 * Level 0.2 Shields
 * Level 8.7 Spellcasting
 + Level 7.8 Necromancy
 * Level 4.0 Translocations
 * Level 2.6 Air Magic
 * Level 3.2 Poison Magic


You had 15 spell levels left.
You knew the following spells:

 Your Spells              Type           Power      Damage    Failure   Level
a - Necrotise             Necr           100%       1d9       1%          1
b - Freeze                Ice            40%        1d6       5%          1
d - Vampiric Draining     Necr           50%        2d9       1%          3
t - Teleport Other        Tloc           31%        N/A       3%          3
v - Poisonous Vapours     Pois/Air       50%        N/A       2%          2

Your spell library contained the following spells:

 Spells                   Type           Power      Damage    Failure   Level
 Lesser Beckoning         Tloc           62%        N/A       1%          2
 Animate Dead             Necr           50%        N/A       2%          4
 Gell's Gravitas          Tloc           31%        N/A       3%          3
 Agony                    Necr           50%        N/A       6%          5
 Spider Form              Tmut/Pois      19%        N/A       9%          3
 Cause Fear               Hex            5%         N/A       50%         4
 Summon Mana Viper        Hex/Summ       10%        N/A       83%         5


Dungeon Overview and Level Annotations

Branches:
Dungeon (7/15)             Temple (1/1) D:6

Altars:
Cheibriados
Dithmenos
Fedhas
Hepliaklqana
Okawaru
Qazlal
Trog
Vehumet
Xom
Zin
The Shining One

Shops:
D:2 =   D:4 (

Annotations:
D:7 Joseph, Menkaure


Message History

You draw life force from Joseph!
You feel life coursing into your body!
Joseph hits you with a +0 quarterstaff!!
Casting: Vampiric Draining (safe; 1% risk of failure)
Confirm with . or Enter, or press ? or * to list all spells.
Aiming: Vampiric Draining (safe; 1% risk of failure)
Press: ? - help, Shift-Dir - straight line, f/p - Joseph
Aim: Joseph, wielding a +0 quarterstaff and wearing a +0 leather armour (heavily wounded)
You draw life force from Joseph!
You feel life coursing into your body.
Joseph drinks a potion.
Joseph is healed!
Casting: Vampiric Draining (safe; 1% risk of failure)
Confirm with . or Enter, or press ? or * to list all spells.
Aiming: Vampiric Draining (safe; 1% risk of failure)
Press: ? - help, Shift-Dir - straight line, f/p - Joseph
Aim: Joseph, wielding a +0 quarterstaff and wearing a +0 leather armour (heavily wounded)
You draw life force from Joseph!
You feel life coursing into your body. Joseph hits you with a +0 quarterstaff!
Casting: Vampiric Draining (safe; 1% risk of failure)
Confirm with . or Enter, or press ? or * to list all spells.
Aiming: Vampiric Draining (safe; 1% risk of failure)
Press: ? - help, Shift-Dir - straight line, f/p - Joseph
Aim: Joseph, wielding a +0 quarterstaff and wearing a +0 leather armour (heavily wounded)
You draw life force from Joseph.
You feel life coursing into your body.
Joseph shouts, "Intruder!"
Joseph hits you with a +0 quarterstaff!
Casting: Vampiric Draining (safe; 1% risk of failure)
Confirm with . or Enter, or press ? or * to list all spells.
Aiming: Vampiric Draining (safe; 1% risk of failure)
Press: ? - help, Shift-Dir - straight line, f/p - Joseph
Aim: Joseph, wielding a +0 quarterstaff and wearing a +0 leather armour (severely wounded)
You draw life force from Joseph!
You feel life coursing into your body. Joseph hits you with a +0 quarterstaff!
* * * LOW HITPOINT WARNING * * *
Casting: Vampiric Draining (safe; 1% risk of failure)
Confirm with . or Enter, or press ? or * to list all spells.
Aiming: Vampiric Draining (safe; 1% risk of failure)
Press: ? - help, Shift-Dir - straight line, f/p - Joseph
Aim: Joseph, wielding a +0 quarterstaff and wearing a +0 leather armour (almost dead)
You draw life force from Joseph.
You feel life coursing into your body. Joseph hits you with a +0 quarterstaff!
You die...

.........########################
.........).....)).)[.)...........
.........#.(..#################'#
..#####'##....# #####.... ..#
#..##....# #(..'.... ..#
#.###....###########.###.... ###
#. #.............##)# ##### ####.
#.....#######.##)#
.....#######.#@....#.##.#
.........##.##@#..#.##.######
..h@[..@.'..................#
.#.....#####.####..######.#
#.....#.<.....##..# #.#
#.....#.###.#.##..# #.##
#.....#.# #.#.##..# #...
#.....#.# #.# ##..########.
#.....#.###.# #...........


You could see Joseph.

Vanquished Creatures
  Pikel (Temple)
  An ice beast (D:6)
  A sky beast (D:6)
  2 black bears
  2 ogres
  A centaur (D:7)
  A phantom (D:7)
  Blork the orc (D:6)
  A kobold brigand (D:6)
  A gnoll sergeant (D:6)
  A bullfrog (D:7)
  2 scorpions (D:5)
  3 wights (D:7)
  5 hounds
  A jelly (D:6)
  A sleepcap (D:5)
  5 iguanas
  15 gnolls
  9 adders
  4 white imps
  An ufetubus (D:6)
  A worm (D:4)
  3 dart slugs
  8 orcs
  6 ball pythons
  4 bats
  3 endoplasms
  8 goblins
  5 hobgoblins
  A quokka (D:1)
  4 frilled lizards
  12 kobolds
  A rat (D:2)
115 creatures vanquished.

Notes
Turn   | Place    | Note
-------+----------+-------------------------------------------
     0 | D:1      | Esekla the Deep Elf Necromancer began the quest for the
                  | Orb.
     0 | D:1      | Reached XP level 1. HP: 10/10 MP: 6/6
   125 | D:1      | Reached skill level 5 in Necromancy
   449 | D:4      | Found a glowing silver altar of Zin.
   461 | D:4      | Found an iron altar of Okawaru.
   473 | D:4      | Found a radiant altar of Vehumet.
   479 | D:4      | Became a worshipper of Vehumet
   528 | D:4      | Reached XP level 2. HP: 15/15 MP: 8/8
   557 | D:4      | Found a glowing golden altar of the Shining One.
   667 | D:3      | Identified the +5 rapier of the Hero {heavy, rN+ Dex+3}
   743 | D:2      | Found Renulab's Jewellery Shop.
   942 | D:1      | Reached XP level 3. HP: 19/19 MP: 9/9
   946 | D:1      | Learned a level 3 spell: Vampiric Draining
  1207 | D:1      | Reached skill level 1 in Short Blades
  1289 | D:2      | Reached XP level 4. HP: 24/24 MP: 11/11
  1311 | D:2      | Found a faded altar of an unknown god.
  1396 | D:2      | Noticed a black bear
  1414 | D:2      | Killed a black bear
  1414 | D:2      | Reached * piety under Vehumet
  1414 | D:2      | Offered knowledge of Freeze by Vehumet.
  1415 | D:2      | Reached skill level 4 in Spellcasting
  1415 | D:2      | Reached XP level 5. HP: 28/28 MP: 2/13
  1420 | D:2      | Learned a level 1 spell: Freeze
  1424 | D:2      | Learned a level 3 spell: Teleport Other
  1921 | D:4      | Found Ponaysk's Antique Weapon Boutique.
  2319 | D:4      | Reached skill level 1 in Translocations
  2353 | D:3      | Reached XP level 6. HP: 32/32 MP: 10/15
  2492 | D:3      | Found a stormy altar of Qazlal.
  2495 | D:3      | Found a hazy altar of Hepliaklqana.
  2495 | D:3      | Found a bloodstained altar of Trog.
  2905 | D:5      | Entered Level 5 of the Dungeon
  2908 | D:5      | Reached skill level 5 in Spellcasting
  3006 | D:5      | Got the Parchment of the Lumpy Olives
  3100 | D:5      | Found a shadowy altar of Dithmenos.
  3145 | D:5      | Reached XP level 7. HP: 36/36 MP: 15/17
  3524 | D:5      | Reached ** piety under Vehumet
  3576 | D:6      | Offered knowledge of Poisonous Vapours by Vehumet.
  3584 | D:6      | Reached skill level 6 in Spellcasting
  3596 | D:6      | Found a blossoming altar of Fedhas.
  3622 | D:6      | Learned a level 2 spell: Poisonous Vapours
  3680 | D:6      | Reached skill level 1 in Air Magic
  3680 | D:6      | Reached skill level 1 in Poison Magic
  3738 | D:6      | Found a staircase to the Ecumenical Temple.
  3761 | D:6      | Noticed Pikel
  3770 | Temple   | Entered the Ecumenical Temple
  3774 | Temple   | Killed Pikel
  3775 | Temple   | Reached skill level 5 in Dodging
  3775 | Temple   | Reached skill level 7 in Spellcasting
  3775 | Temple   | Reached XP level 8. HP: 22/41 MP: 11/21
  4041 | D:6      | Noticed Blork the orc
  4056 | D:6      | Killed Blork the orc
  4100 | D:6      | Reached skill level 8 in Spellcasting
  4511 | D:6      | Reached XP level 9. HP: 31/45 MP: 16/23
  4608 | D:7      | Noticed Menkaure
  4717 | D:7      | Noticed Joseph
  4878 | D:7      | Reached skill level 1 in Throwing
  5034 | D:7      | Slain by Joseph

Illustrated notes

Levels and vault maps discovered:
D:1:      sevenhm_arrival_forest_fort_small_3, layout_rooms,
          chequers_serial_rivers_room_b, minmay_misc_feat_five
D:2:      layout_loops_ring, dreamdust_ecumenical_altar_angels_and_demons,
          serial_shops, shop
D:3:      layout_basic, grunt_temple_overflow_open, minmay_misc_feat_iff
D:4:      layout_basic, nicolae_overflow_quartered_altars, serial_shops,
          nicolae_diamond_shop
D:5:      layout_loops_ring, lemuel_doored_altar, minmay_misc_feat_rows,
          dreamdust_wishing_well
D:6:      layout_loops_cross, fedhas_altar_fruit_tree,
          minmay_temple_entry_glass, uniq_pikel, uniq_blork_the_orc
D:7:      layout_basic, uniq_menkaure, uniq_joseph, uniq_crazy_yiuf_cottage
Temple:   compressed_dpeg_circular_temple

Skill      XL: |  1  2  3  4  5  6  7  8  9 |
---------------+----------------------------+-----
Necromancy     | 5 6 7 |  7.8
Dodging        | 3 4 5 6 |  6.1
Short Blades   | 1 2 3 |  3.8
Stealth        | 3 4 |  4.6
Spellcasting   | 4 5 7 8 |  8.7
Translocations | 1 2 3 4 |  4.0
Air Magic      | 1 2 |  2.6
Poison Magic   | 2 3 |  3.2
Throwing       | 1 |  1.5
Shields        | |  0.2

Action                     |  1- 3 |  4- 6 |  7- 9 || total
---------------------------+-------+-------+-------++-------
  Melee: Short sword       |    32 |       |       ||    32
         Unarmed           |     9 |       |       ||     9
         Rapier            |    32 |    58 |    72 ||   162
         Punch             |       |     1 |       ||     1
  Throw: Dart              |       |     6 |    20 ||    26
   Cast: Vampiric Draining |     3 |    17 |    41 ||    61
         Teleport Other    |       |       |     1 ||     1
  Evoke: Wand              |       |       |     5 ||     5
    Use: Potion            |       |       |     2 ||     2
         Scroll            |       |       |     5 ||     5
   Stab: Sleeping          |     1 |     8 |     5 ||    14
 Armour: Robe              |    18 |    14 |    17 ||    49
  Dodge: Dodged            |    53 |    57 |    88 ||   198
